TOP OF THE 1ST |
Albuquerque Isotopes batting - Pitching for Mexico City Cerveceros : RHP Honorato Mota
|
Pitching: RHP Honorato Mota
|
|
Batting: LHB Bernardo Montés
|
0-0: Ball 1-0: Ball 2-0: Ball 3-0: Called Strike 3-1: Base on Balls
|
Batting: RHB Juan Vareas
|
0-0: Ball 1-0: Foul Ball, location: 2F 1-1: Foul Ball, location: 2F 1-2: Fly out, F4 (Popup, 8RS)
|
Batting: RHB Arturo García
|
0-0: Ball 1-0: Fly out, F9 (Flyball, 89D)
|
Batting: LHB Mark Vestal
|
0-0: Ball 1-0: Ball 2-0: SINGLE (Groundball, 56D) Bernardo Montés to second
|
Batting: RHB Alden Isenhood
|
0-0: Ball 1-0: Ball 2-0: Foul Ball, location: 2F 2-1: DOUBLE (Line Drive, 3D) Bernardo Montés scores Mark Vestal to third Runner from 3rd tries for Home, SAFE, no throw or cutoff
|
Batting: RHB Dave Mullen
|
0-0: Called Strike 0-1: Called Strike 0-2: Ball 1-2: Ball 2-2: Foul Ball, location: 2F 2-2: Ball 3-2: Strikes out looking
|
Top of the 1st over - 2 run(s), 2 hit(s), 0 error(s), 1 left on base; Albuquerque 2 - Mexico City 0 |
BOTTOM OF THE 1ST |
Mexico City Cerveceros batting - Pitching for Albuquerque Isotopes : RHP César De La Cruz
|
Pitching: RHP César De La Cruz
|
|
Batting: RHB Arnold Harmon
|
0-0: SINGLE (Groundball, 6MD)
|
Batting: RHB Jesús Torres
|
0-0: Called Strike 0-1: Ball 1-1: Ball 2-1: Foul Ball, location: 2F 2-2: Foul Ball, location: 2F 2-2: Fly out, F3 (Popup, 13)
|
Batting: LHB Sammy Marshall
|
0-0: Called Strike 0-1: Ball 1-1: Ball 2-1: Called Strike 2-2: Strikes out swinging
|
Batting: LHB Eduardo Gómez
|
0-0: 2-RUN HOME RUN (Flyball, 9LD), Distance : 319 ft
|
Batting: SHB António Hernández
|
0-0: Called Strike 0-1: Foul Ball, location: 2F 0-2: Ball 1-2: Fly out, F7 (Line Drive, 78S)
|
Bottom of the 1st over - 2 run(s), 2 hit(s), 0 error(s), 0 left on base; Albuquerque 2 - Mexico City 2 |
TOP OF THE 2ND |
Albuquerque Isotopes batting - Pitching for Mexico City Cerveceros : RHP Honorato Mota
|
Batting: LHB A.J. Major
|
0-0: Ball 1-0: DOUBLE (Line Drive, 8LD)
|
Batting: LHB Héctor Cruz
|
0-0: Called Strike 0-1: Ground out 3-1 (Groundball, 34S) A.J. Major to third
|
Batting: RHB Gonzalo Gil
|
0-0: Ball 1-0: Ball 2-0: SINGLE (Flyball, 7LS) - OUT at second base trying to stretch hit. A.J. Major scores
|
Batting: LHB Bernardo Montés
|
0-0: SINGLE (Groundball, 56D) (infield hit)
|
Batting: RHB Juan Vareas
|
0-0: Ball 1-0: Ball 2-0: Called Strike 2-1: Fly out, F8 (Flyball, 8RD)
|
Top of the 2nd over - 1 run(s), 3 hit(s), 0 error(s), 1 left on base; Albuquerque 3 - Mexico City 2 |
BOTTOM OF THE 2ND |
Mexico City Cerveceros batting - Pitching for Albuquerque Isotopes : RHP César De La Cruz
|
Batting: RHB Dave Morgan
|
0-0: Ball 1-0: Foul Ball, location: 2F 1-1: Called Strike 1-2: Fly out, F9 (Flyball, 9M)
|
Batting: LHB Brandon Cummings
|
0-0: Ball 1-0: Ball 2-0: Ball 3-0: Called Strike 3-1: Called Strike 3-2: Ground out U3 (Groundball, 3L)
|
Batting: RHB Hamilton Holbrook
|
0-0: Ball 1-0: Ball 2-0: SINGLE (Groundball, 6MD)
|
Batting: RHB Jorge González
|
0-0: Ball 1-0: Foul Ball, location: 2F 1-1: Ball 2-1: Ball 3-1: Foul Ball, location: 2F 3-2: Foul Ball, location: 2F 3-2: Foul Ball, location: 2F 3-2: Strikes out looking
|
Bottom of the 2nd over - 0 run(s), 1 hit(s), 0 error(s), 1 left on base; Albuquerque 3 - Mexico City 2 |
TOP OF THE 3RD |
Albuquerque Isotopes batting - Pitching for Mexico City Cerveceros : RHP Honorato Mota
|
Batting: RHB Arturo García
|
0-0: Ball 1-0: Ball 2-0: Ground out 5-3 (Groundball, 5)
|
Batting: LHB Mark Vestal
|
0-0: Ball 1-0: Foul Ball, location: 2F 1-1: Fly out, F2 (Popup, 15S)
|
Batting: RHB Alden Isenhood
|
0-0: Ball 1-0: Ball 2-0: Ball 3-0: Base on Balls
|
Batting: RHB Dave Mullen
|
0-0: Ball 1-0: Ball 2-0: Ball 3-0: Base on Balls Alden Isenhood to second
|
Batting: LHB A.J. Major
|
0-0: Ball 1-0: Ball 2-0: SINGLE (Line Drive, 8LS) Alden Isenhood to third Dave Mullen to second Runner from 3rd tries for Home, SAFE, no throw or cutoff
|
Batting: LHB Héctor Cruz
|
0-0: Ball 1-0: Swinging Strike 1-1: Called Strike 1-2: Ball 2-2: Ground out 3-1 (Groundball, 34)
|
Top of the 3rd over - 1 run(s), 1 hit(s), 0 error(s), 2 left on base; Albuquerque 4 - Mexico City 2 |
BOTTOM OF THE 3RD |
Mexico City Cerveceros batting - Pitching for Albuquerque Isotopes : RHP César De La Cruz
|
Batting: RHB Arnold Harmon
|
0-0: DOUBLE (Line Drive, 3D)
|
Batting: RHB Jesús Torres
|
0-0: Ball Arnold Harmon steals 3rd base 1-0: Ball 2-0: Ground out 4-3 (Groundball, 4M) Arnold Harmon scores
|
Batting: LHB Sammy Marshall
|
0-0: Called Strike 0-1: Ball 1-1: DOUBLE (Flyball, 8LXD)
|
Batting: LHB Eduardo Gómez
|
0-0: Ball 1-0: Ball 2-0: Ball 3-0: Base on Balls
|
Batting: SHB António Hernández
|
0-0: Called Strike 0-1: Ball 1-1: Foul Ball, location: 2F 1-2: Ball 2-2: Ball 3-2: Foul Ball, location: 2F 3-2: Foul Ball, location: 2F 3-2: Foul Ball, location: 2F 3-2: Base on Balls Sammy Marshall to third Eduardo Gómez to second
|
Batting: RHB Dave Morgan
|
0-0: Ball 1-0: Ball 2-0: Grounds into double play, 6-4-3 (Groundball, 6)
|
Bottom of the 3rd over - 1 run(s), 2 hit(s), 0 error(s), 2 left on base; Albuquerque 4 - Mexico City 3 |
TOP OF THE 4TH |
Albuquerque Isotopes batting - Pitching for Mexico City Cerveceros : RHP Honorato Mota
|
Batting: RHB Gonzalo Gil
|
0-0: Foul Ball, location: 2F 0-1: Ball 1-1: Swinging Strike 1-2: Ground out 1-3 (Groundball, 13)
|
Batting: LHB Bernardo Montés
|
0-0: Foul Ball, location: 2F 0-1: DOUBLE (Line Drive, 4D)
|
Batting: RHB Juan Vareas
|
0-0: Called Strike 0-1: Called Strike 0-2: Foul Ball, location: 2F 0-2: Foul Ball, location: 2F 0-2: Ball 1-2: Foul Ball, location: 2F 1-2: Ball 2-2: Ball 3-2: Foul Ball, location: 2F 3-2: Base on Balls
|
Pitching: LHP Jerry Beck
|
|
Batting: RHB Arturo García
|
0-0: Ball 1-0: Called Strike 1-1: Ball 2-1: Foul Ball, location: 2F 2-2: Ball 3-2: Grounds into double play, 6-4-3 (Groundball, 6)
|
Top of the 4th over - 0 run(s), 1 hit(s), 0 error(s), 1 left on base; Albuquerque 4 - Mexico City 3 |
BOTTOM OF THE 4TH |
Mexico City Cerveceros batting - Pitching for Albuquerque Isotopes : RHP César De La Cruz
|
Batting: LHB Brandon Cummings
|
0-0: Called Strike 0-1: Ball 1-1: Swinging Strike 1-2: Foul Ball, location: 2F Single, Error in OF, E8, batter to second base
|
Batting: RHB Hamilton Holbrook
|
0-0: Ball 1-0: Foul Ball, location: 2F 1-1: Ball 2-1: Ball 3-1: Base on Balls
|
Batting: RHB Jorge González
|
0-0: Fly out, F9 (Flyball, 9D) Runner from 2nd tags up, SAFE at 3rd, no throw
|
Batting: RHB Arnold Harmon
|
0-0: Called Strike 0-1: Foul Ball, location: 2F 0-2: Strikes out swinging
|
Batting: RHB Jesús Torres
|
0-0: SINGLE (Groundball, 6MD) Brandon Cummings scores Hamilton Holbrook to second Runner from 2nd tries for 3rd, SAFE, no throw or cutoff
|
Batting: LHB Sammy Marshall
|
0-0: DOUBLE (Line Drive, 8LD) Hamilton Holbrook scores Jesús Torres to third Runner from 3rd tries for Home, SAFE, no throw or cutoff
|
Batting: LHB Eduardo Gómez
|
0-0: Ball 1-0: Foul Ball, location: 2F 1-1: Ball 2-1: SINGLE (Groundball, 34D) Sammy Marshall to third Runner from 3rd tries for Home, SAFE, no throw or cutoff
|
Batting: SHB António Hernández
|
0-0: Ground out 6-3 (Groundball, 6)
|
Bottom of the 4th over - 4 run(s), 4 hit(s), 1 error(s), 1 left on base; Albuquerque 4 - Mexico City 7 |
TOP OF THE 5TH |
Albuquerque Isotopes batting - Pitching for Mexico City Cerveceros : LHP Jerry Beck
|
Batting: LHB Mark Vestal
|
0-0: Ball 1-0: Ball 2-0: Ball 3-0: Called Strike 3-1: Base on Balls
|
Batting: RHB Alden Isenhood
|
0-0: Called Strike 0-1: Fielders Choice at 2nd, 4-6 (Groundball, 4)
|
Batting: RHB Dave Mullen
|
0-0: Foul Ball, location: 2F 0-1: Called Strike 0-2: Ball 1-2: Ball 2-2: Strikes out swinging
|
Batting: LHB A.J. Major
|
0-0: Ball 1-0: Ball 2-0: Ball 3-0: Foul Ball, location: 2F 3-1: Called Strike 3-2: Strikes out looking
|
Top of the 5th over - 0 run(s), 0 hit(s), 0 error(s), 1 left on base; Albuquerque 4 - Mexico City 7 |
BOTTOM OF THE 5TH |
Mexico City Cerveceros batting - Pitching for Albuquerque Isotopes : RHP César De La Cruz
|
Batting: RHB Dave Morgan
|
0-0: Called Strike 0-1: DOUBLE (Groundball, 5L)
|
Batting: LHB Brandon Cummings
|
0-0: Ball 1-0: Fly out, F5 (Popup, 5F)
|
Batting: RHB Hamilton Holbrook
|
0-0: Ball 1-0: Ground out 5-3 (Groundball, 56)
|
Batting: RHB Jorge González
|
0-0: Called Strike 0-1: Called Strike 0-2: Strikes out swinging
|
Bottom of the 5th over - 0 run(s), 1 hit(s), 0 error(s), 1 left on base; Albuquerque 4 - Mexico City 7 |
TOP OF THE 6TH |
Albuquerque Isotopes batting - Pitching for Mexico City Cerveceros : LHP Jerry Beck
|
Batting: LHB Héctor Cruz
|
0-0: Ball 1-0: Ball 2-0: Swinging Strike 2-1: Foul Ball, location: 2F 2-2: Strikes out swinging
|
Batting: RHB Gonzalo Gil
|
0-0: Ball 1-0: Called Strike 1-1: Foul Ball, location: 2F 1-2: Ball 2-2: Hit by Pitch
|
Batting: LHB Bernardo Montés
|
0-0: Ball 1-0: Ball 2-0: Swinging Strike 2-1: Fly out, F2 (Popup, 2LF)
|
Batting: RHB Juan Vareas
|
0-0: Called Strike Gonzalo Gil steals 2nd base 0-1: Foul Ball, location: 2F 0-2: SINGLE (Groundball, 6MD) Gonzalo Gil to third Runner from 3rd tries for Home, SAFE, no throw or cutoff
|
Batting: RHB Arturo García
|
Pickoff Throw to First - Out!
|
Top of the 6th over - 1 run(s), 1 hit(s), 0 error(s), 0 left on base; Albuquerque 5 - Mexico City 7 |
BOTTOM OF THE 6TH |
Mexico City Cerveceros batting - Pitching for Albuquerque Isotopes : RHP César De La Cruz
|
Batting: RHB Arnold Harmon
|
0-0: Ball 1-0: Ball 2-0: Swinging Strike 2-1: Ball 3-1: Called Strike 3-2: Base on Balls
|
Batting: RHB Jesús Torres
|
0-0: Grounds into double play, 1-4-3 (Groundball, 13S)
|
Batting: LHB Sammy Marshall
|
0-0: Called Strike 0-1: Called Strike 0-2: Ball 1-2: Foul Ball, location: 2F 1-2: Ball 2-2: Ground out 3-1 (Groundball, 34)
|
Bottom of the 6th over - 0 run(s), 0 hit(s), 0 error(s), 0 left on base; Albuquerque 5 - Mexico City 7 |
TOP OF THE 7TH |
Albuquerque Isotopes batting - Pitching for Mexico City Cerveceros : LHP Jerry Beck
|
Pitching: RHP Josh Schmitt
|
|
Batting: RHB Arturo García
|
0-0: Swinging Strike 0-1: Foul Ball, location: 2F 0-2: Ball 1-2: Ball 2-2: Ball 3-2: Fly out, F6 (Line Drive, 6)
|
Batting: LHB Mark Vestal
|
0-0: Ball 1-0: Ball 2-0: Ball 3-0: Swinging Strike 3-1: Swinging Strike 3-2: Foul Ball, location: 2F 3-2: Foul Ball, location: 2F 3-2: Base on Balls
|
Batting: RHB Alden Isenhood
|
0-0: Ball 1-0: Called Strike 1-1: Ball 2-1: Ball 3-1: Swinging Strike 3-2: Base on Balls Mark Vestal to second
|
Pinch Hitting: LHB Juan Carlos Sánchez
|
0-0: Called Strike 0-1: Ball 1-1: Ball 2-1: Ball 3-1: SINGLE (Groundball, 4) Mark Vestal to third Alden Isenhood to second Runner from 3rd tries for Home, SAFE, throw made home
|
Pinch Hitting: LHB Fernando Ortíz
|
0-0: Ball 1-0: Ground out 4-3 (Groundball, 13) Alden Isenhood to third Juan Carlos Sánchez to second
|
Batting: LHB Héctor Cruz
|
0-0: Ball 1-0: Called Strike 1-1: Ball 2-1: Ball 3-1: Base on Balls
|
Batting: RHB Gonzalo Gil
|
0-0: Ball 1-0: Called Strike 1-1: Ball 2-1: SINGLE (Groundball, 56) Alden Isenhood scores Juan Carlos Sánchez to third Héctor Cruz to second
|
Pitching: LHP Daniel Draper
|
|
Pinch Hitting: RHB Sadayoshi Kato
|
0-0: Foul Ball, location: 2F 0-1: Swinging Strike 0-2: Foul Ball, location: 2F 0-2: Strikes out swinging
|
Top of the 7th over - 2 run(s), 2 hit(s), 0 error(s), 3 left on base; Albuquerque 7 - Mexico City 7 |
BOTTOM OF THE 7TH |
Mexico City Cerveceros batting - Pitching for Albuquerque Isotopes : RHP César De La Cruz
|
Pitching: RHP Shiki Kanno
|
|
Now at 1B: Juan Carlos Sánchez
|
|
Now at 3B: Sadayoshi Kato
|
|
Now in RF: Fernando Ortíz
|
|
Batting: LHB Eduardo Gómez
|
0-0: Ball 1-0: Fly out, F7 (Flyball, 7LD)
|
Batting: SHB António Hernández
|
0-0: Ball 1-0: Called Strike 1-1: Foul Ball, location: 2F 1-2: Ball 2-2: Foul Ball, location: 2F 2-2: Ground out 4-3 (Groundball, 4)
|
Batting: RHB Dave Morgan
|
0-0: Swinging Strike 0-1: Fly out, F8 (Flyball, 8LM)
|
Bottom of the 7th over - 0 run(s), 0 hit(s), 0 error(s), 0 left on base; Albuquerque 7 - Mexico City 7 |
TOP OF THE 8TH |
Albuquerque Isotopes batting - Pitching for Mexico City Cerveceros : LHP Daniel Draper
|
Batting: RHB Juan Vareas
|
0-0: Swinging Strike 0-1: SINGLE (Groundball, 4MD) (infield hit)
|
Pinch Runner at 1st Luis Encarnación:
|
|
Batting: RHB Arturo García
|
0-0: Ball 1-0: 2-RUN HOME RUN (Flyball, 78XD), Distance : 394 ft
|
Pitching: LHP Doug Starks
|
|
Batting: LHB Mark Vestal
|
0-0: Ball 1-0: Ball 2-0: Ball 3-0: Base on Balls
|
Batting: RHB Alden Isenhood
|
0-0: Called Strike Mark Vestal steals 2nd base 0-1: Called Strike 0-2: Ball 1-2: Ball 2-2: Ball 3-2: Base on Balls
|
Pinch Hitting: RHB Cristián Herrera
|
0-0: Ball 1-0: Ball 2-0: Bunt missed! 2-1: Bunted foul 2-2: Ball 3-2: Grounds into double play, 5-4-3 (Groundball, 56) Mark Vestal to third
|
Batting: LHB Fernando Ortíz
|
0-0: SINGLE (Line Drive, 9S) Mark Vestal scores
|
Batting: LHB Héctor Cruz
|
0-0: Called Strike 0-1: Fielders Choice at 2nd, U6 (Groundball, 6M)
|
Top of the 8th over - 3 run(s), 3 hit(s), 0 error(s), 1 left on base; Albuquerque 10 - Mexico City 7 |
BOTTOM OF THE 8TH |
Mexico City Cerveceros batting - Pitching for Albuquerque Isotopes : RHP Shiki Kanno
|
Now at 1B: Alfonso Huertas
|
|
Now in LF: Luis Encarnación
|
|
Batting: LHB Brandon Cummings
|
0-0: Ball 1-0: Swinging Strike 1-1: Ball 2-1: Ball 3-1: Base on Balls
|
Pitching: RHP Juan Rodríguez
|
|
Batting: RHB Hamilton Holbrook
|
0-0: Ball 1-0: Ball 2-0: Called Strike 2-1: DOUBLE (Line Drive, 7D) Brandon Cummings to third
|
Batting: RHB Jorge González
|
0-0: Foul Ball, location: 2F 0-1: Swinging Strike 0-2: Ball 1-2: Foul Ball, location: 2F 1-2: Ball 2-2: Strikes out swinging
|
Batting: RHB Arnold Harmon
|
0-0: Called Strike 0-1: Foul Ball, location: 2F 0-2: Strikes out swinging
|
Batting: RHB Jesús Torres
|
0-0: Foul Ball, location: 2F 0-1: Ball 1-1: Ball 2-1: Ball 3-1: Foul Ball, location: 2F 3-2: Strikes out swinging
|
Bottom of the 8th over - 0 run(s), 1 hit(s), 0 error(s), 2 left on base; Albuquerque 10 - Mexico City 7 |
TOP OF THE 9TH |
Albuquerque Isotopes batting - Pitching for Mexico City Cerveceros : LHP Doug Starks
|
Batting: RHB Gonzalo Gil
|
0-0: Fly out, F9 (Flyball, 9LM)
|
Batting: RHB Sadayoshi Kato
|
0-0: Called Strike 0-1: Ball 1-1: Called Strike 1-2: Foul Ball, location: 2F 1-2: Foul Ball, location: 2F 1-2: Ball 2-2: Ball 3-2: Base on Balls
|
Batting: RHB Luis Encarnación
|
0-0: Fielders Choice at 2nd, 6-4 (Groundball, 56)
|
Batting: RHB Arturo García
|
0-0: Ball 1-0: Ball 2-0: Fielders Choice at 2nd, 6-4 (Groundball, 6)
|
Top of the 9th over - 0 run(s), 0 hit(s), 0 error(s), 0 left on base; Albuquerque 10 - Mexico City 7 |
BOTTOM OF THE 9TH |
Mexico City Cerveceros batting - Pitching for Albuquerque Isotopes : RHP Juan Rodríguez
|
Pitching: RHP Manny Muñóz
|
|
Batting: LHB Sammy Marshall
|
0-0: Called Strike 0-1: Fly out, F9 (Line Drive, 89M)
|
Batting: LHB Eduardo Gómez
|
0-0: Ball 1-0: Foul Ball, location: 2F 1-1: Foul Ball, location: 2F 1-2: Ball 2-2: DOUBLE (Line Drive, 9LS)
|
Batting: SHB António Hernández
|
0-0: Ball 1-0: Ball 2-0: Ball 3-0: Called Strike 3-1: Base on Balls
|
Batting: RHB Dave Morgan
|
0-0: Called Strike 0-1: Ball 1-1: Fly out, F8 (Flyball, 8LS)
|
Batting: LHB Brandon Cummings
|
0-0: Ground out 3-1 (Groundball, 3L)
|
Bottom of the 9th over - 0 run(s), 1 hit(s), 0 error(s), 2 left on base; Albuquerque 10 - Mexico City 7 |
|